AoeStats
← {WaZzU'P} Recluta4!

Hideout

503705597Analyzed
3v3 RM · 1mo ago on Sep 1, 2026· 50m 24s· 6 players
Game mode
Random Map
Map size
Normal (6 player)
Population
200
Speed
Normal
Resources
Standard
Victory
Conquest
Starting age
Dark Age
Ending age
Imperial Age
RankedLock teamsTeams togetherTeam positionsShared explorationLock speedFull tech treeHidden civsTurbo modeCheats
Victory
Defeat
🇩🇪 Hindustanis · Germany
1151
+14
🇦🇺 Maya · Australia
1144
+15
🇷🇺 Malay · Russia
1118
+16
🇺🇸 Saracens · United States
1178
-18
🇻🇪 Shu · Venezuela
1089
-14
🇨🇭 Persians · Switzerland
1085
-14
{WaZzU'P} GranPolo
10:56 Feudal Age
16:14 Castle Age
17:58 Stone Mining
18:27 Double-Bit Axe
20:02 Horse Collar
25:05 Scale Barding Armor
26:44 Heavy Plow
26:59 Scale Mail Armor
27:24 Chain Barding Armor
28:17 Gold Mining
28:51 Forging
30:44 Devotion
31:39 Wheelbarrow
32:42 Stone Shaft Mining
33:19 Husbandry
33:25 Town Watch
33:56 Hand Cart
34:42 Town Patrol
38:04 Imperial Age
38:36 Iron Casting
38:21 Pikeman
39:01 Squires
38:49 Gambesons
41:57 Cavalier
42:48 Bloodlines
44:05 Plate Barding Armor
{WaZzU'P} Sr Gilmapi
6:11 Loom
10:35 Feudal Age
16:18 Castle Age
14:23 Double-Bit Axe
15:01 Horse Collar
16:49 Gold Mining
19:07 Wheelbarrow
21:41 Fletching
23:08 Padded Archer Armor
26:51 Hand Cart
27:23 Bow Saw
27:17 Heavy Plow
30:46 Bodkin Arrow
30:58 Scale Barding Armor
31:09 Leather Archer Armor
32:26 Ballistics
36:13 Imperial Age
36:54 Pikeman
37:20 Gambesons
37:36 Squires
40:08 Chemistry
41:57 Chain Barding Armor
41:37 Bracer
41:49 Forging
41:38 Heavy Hei Guang Cavalry
43:26 Husbandry
{WaZzU'P} Recluta4!
11:04 Feudal Age
15:51 Castle Age
14:28 Double-Bit Axe
15:06 Horse Collar
16:22 Loom
16:59 Bow Saw
17:21 Heavy Plow
18:16 Town Watch
25:36 Wheelbarrow
25:02 Gold Mining
25:18 Scale Barding Armor
26:29 Chain Barding Armor
26:55 Gold Shaft Mining
27:20 Hand Cart
27:30 Bloodlines
27:46 Stone Mining
29:47 Forging
29:54 Husbandry
29:17 Light Cavalry
32:48 Imperial Age
30:14 Fletching
30:37 Masonry
32:20 Iron Casting
31:29 Treadmill Crane
33:00 Capped Ram
33:23 Hussar
34:33 Bimaristan
35:20 Plate Barding Armor
38:12 Blast Furnace
37:42 Onager
38:48 Elite Mameluke
40:02 Sanctity
39:58 Block Printing
43:51 Coinage
43:38 Caravan
45:33 Two-Man Saw
45:59 Conscription
46:22 Siege Onager
46:23 Siege Ram
48:42 Bodkin Arrow
49:49 Chemistry
50:25 Banking
AnonymousJohn
8:19 Loom
11:21 Feudal Age
15:45 Castle Age
14:33 Double-Bit Axe
16:22 Horse Collar
17:34 Bow Saw
24:28 Wheelbarrow
23:58 Crossbowman
25:03 Fletching
28:28 Bodkin Arrow
33:41 Town Watch
34:09 Gold Mining
36:00 Sanctity
39:43 Imperial Age
39:18 Bracer
39:55 Arbalester
42:30 Ballistics
43:10 Chemistry
43:48 Thumb Ring
46:33 Hand Cart
47:39 Padded Archer Armor
49:22 Masonry
49:18 Siege Engineers
A D A P T
0:36 Loom
9:55 Feudal Age
14:53 Castle Age
12:53 Double-Bit Axe
13:51 Horse Collar
16:26 Bow Saw
22:22 Ballistics
23:13 Heavy Plow
23:33 Crossbowman
24:14 Fletching
26:40 Wheelbarrow
25:51 Town Watch
26:29 Padded Archer Armor
27:47 Thumb Ring
29:02 Scale Mail Armor
29:12 Forging
28:58 Bodkin Arrow
29:21 Leather Archer Armor
29:20 Squires
29:08 Arson
28:57 Eagle Warrior
30:28 Chain Mail Armor
30:46 Gold Mining
34:06 Imperial Age
33:10 Iron Casting
35:34 Holcans
35:25 Conscription
35:37 Plate Mail Armor
36:08 Blast Furnace
36:51 Elite Eagle Warrior
37:41 Bodkin Arrow
38:36 Bracer
39:05 Caravan
39:44 Leather Archer Armor
41:14 Conscription
Arthedain
9:58 Feudal Age
10:16 Feudal Age
10:51 Horse Collar
11:00 Double-Bit Axe
15:44 Castle Age
14:02 Loom
16:43 Bow Saw
17:37 Wheelbarrow
17:10 Heavy Plow
18:14 Gold Mining
20:55 Town Watch
24:48 Scale Barding Armor
24:54 Forging
25:59 Husbandry
26:10 Bloodlines
26:52 Hand Cart
27:14 Chain Barding Armor
29:42 Imperial Age
29:27 Stone Mining
30:25 Iron Casting
30:59 Heavy Camel Rider
32:08 Grand Trunk Road
34:35 Gold Shaft Mining
33:28 Imperial Camel Rider
34:50 Plate Barding Armor
38:45 Blast Furnace
41:58 Two-Man Saw
41:10 Caravan
43:39 Town Patrol
50:46 Stone Shaft Mining
Connection lost

Rejoining the realm…

Still unreachable

The connection could not be restored.

Session expired

The server has moved on; the page needs a fresh start.